 Dungeon Crawl Stone Soup version 0.30-a0-190-g22c9a3c0ff (webtiles) character file.

Game seed: 12323550826049777597

30 Morbidden the Conjurer (level 3, 0/25 HPs)
             Began as a Mummy Conjurer on Oct 4, 2022.
             Slain by a goblin
             ... wielding a +0 club
             ... led by Robin
              (6 damage)
             ... on level 1 of the Dungeon.
             The game lasted 00:01:28 (1290 turns).

Morbidden the Conjurer (Mummy Conjurer)             Turns: 1290, Time: 00:01:29

Health: 0/25       AC:  3    Str: 10    XL:     3   Next: 5%
Magic:  2/7        EV: 12    Int: 19    God:
Gold:   35         SH:  0    Dex: 10    Spells: 4/7 levels left

rFire   x . .      SeeInvis .    a - +0 short sword
rCold   + . .      Faith    +    (no shield)
rNeg    + + +      Spirit   .    h - +0 robe
rPois   ∞          Reflect  .    f - +0 helmet
rElec   .          Harm     .    (no cloak)
rCorr   .          Rampage  .    (no gloves)
Will    .....                    (no boots)
Stlth   ++........               (no amulet)
HPRegen 0.24/turn                (no ring)
MPRegen 0.10/turn                (no ring)

@: no status effects
A: cold resistance 1, negative energy resistance 3, torment resistance 2, heat
vulnerability 1, in touch with death 1, no potions, faith
a: no special abilities


You were on level 1 of the Dungeon.
You visited 1 branch of the dungeon, and saw 2 of its levels.

You collected 35 gold pieces.

Inventory:

Hand Weapons
 a - a +0 short sword (weapon)
Armour
 f - a +0 helmet (worn)
 h - a +0 robe (worn)
Scrolls
 b - a scroll of noise {unknown}
 c - 2 scrolls of vulnerability {unknown}
 d - a scroll of fear {unknown}
 e - a scroll of immolation {unknown}
 g - a scroll of enchant armour {unknown}


   Skills:
 * Level 0.5 Fighting
 * Level 0.4 Armour
 * Level 1.6 Dodging
 + Level 1.5 Stealth
 + Level 0.1 Unarmed Combat
 * Level 2.7 Spellcasting
 * Level 3.9 Conjurations


You had 4 spell levels left.
You knew the following spells:

 Your Spells              Type           Power      Damage    Failure   Level
a - Magic Dart            Conj           68%        1d6       3%          1
b - Searing Ray           Conj           34%        2d5       4%          2

Your spell library contained the following spells:

 Spells                   Type           Power      Damage    Failure   Level
 Dazzling Flash           Conj/Hex       20%        N/A       22%         3
 Fulminant Prism          Conj/Hex       5%         3d7       56%         4
 Iskenderun's Mystic Bla  Conj/Tloc      10%        2d4       56%         4
 Conjure Ball Lightning   Conj/Air       5%         3x3d6     100%        6
 Discord                  Hex            1%         N/A       100%        8
 Disjunction              Tloc           1%         N/A       100%        8


Dungeon Overview and Level Annotations

Branches:
Dungeon (2/15)

Altars:

Annotations:
D:1 Robin


Innate Abilities, Weirdness & Mutations

You are immune to poison.
Your flesh is cold resistant. (rC+)
You are immune to negative energy. (rN+++)
You are immune to unholy pain and torment.
You are vulnerable to heat. (rF-)
You are in touch with the powers of death.
You do not drink.
You have a special connection with the divine. (Faith)


Message History

There are monsters nearby!
Casting: Magic Dart (safe; 3% risk of failure)
Confirm with . or Enter, or press ? or * to list all spells.
Aiming: Magic Dart (safe; 3% risk of failure)
Press: ? - help, Shift-Dir - straight line, f/p - hobgoblin
Aim: a hobgoblin (lightly wounded, 100% to hit)
The magic dart hits the hobgoblin.
You kill the hobgoblin!
The hobgoblin hits you. The goblin hits you but does no damage.
Robin roars a battlecry!
The goblins go into a battle-frenzy!
The hobgoblin barely misses you. The goblin hits you but does no damage.
The goblin closely misses you. Robin barely misses you.
You climb upwards.
There is a stone staircase leading down here.
Unknown command.
Unknown command.
Unknown command.
Unknown command.
You aren't carrying any items that you can evoke.
There's nothing to close nearby.
Unknown command.
Unknown command.
Casting: Magic Dart (safe; 3% risk of failure)
Confirm with . or Enter, or press ? or * to list all spells.
Aiming: Searing Ray (safe; 4% risk of failure)
Press: ? - help, Shift-Dir - straight line, f - Robin
Aim: Robin, wielding a +0 whip, wearing a +0 animal skin and wearing a +0 helmet (84% to hit)
The searing ray hits Robin.
Robin is moderately wounded. (Press . to maintain the ray.)
The goblin hits you with a +0 club. x2; The hobgoblin hits you.
Robin hits you with a +0 whip.
Unknown command.
The searing ray hits Robin.
Robin is severely wounded.
The goblin hits you with a +0 club.
* * * LOW HITPOINT WARNING * * *
The goblin hits you with a +0 club.
You die...

#........# #.#
#........# #>#
#........# #.#
#######........# #.#
...............# #.#
######.........# #.#
#
#.........#########.#
###'###...#gg.......#
#§§.§≈###.g@g.#######
#§§..≈#...###.#
#§...≈###.# #.#
#§...≈# #.###.#
######§#.#≈######..#
#§≈≈≈≈≈#.#§≈§§≈≈##.#
#§§..###.###.§.≈##.#
'...............†..#
#≈...###.###...≈####


You could see Robin, a hobgoblin (strong) and 2 goblins.

Vanquished Creatures
  A dart slug (D:1)
  3 endoplasms (D:1)
  3 giant cockroaches (D:1)
  A goblin (D:1)
  4 hobgoblins
  2 quokkas (D:1)
  3 bats (D:1)
  4 frilled lizards (D:1)
  3 kobolds (D:1)
  2 rats (D:1)
26 creatures vanquished.

Notes
Turn   | Place    | Note
-------+----------+-------------------------------------------
     0 | D:1      | Morbidden the Mummy Conjurer began the quest for the Orb.
     0 | D:1      | Reached XP level 1. HP: 13/13 MP: 4/4
   315 | D:1      | Reached XP level 2. HP: 20/20 MP: 1/5
   439 | D:1      | Learned a level 2 spell: Searing Ray
  1124 | D:1      | Gained mutation: You are in touch with the powers of death.
                  | [Mummy growth]
  1124 | D:1      | Reached XP level 3. HP: 25/25 MP: 1/7
  1284 | D:2      | Noticed Robin
  1290 | D:1      | Slain by a goblin

Illustrated notes

Levels and vault maps discovered:
D:1:      dpeg_arrival_simpleton_c, layout_loops_ring, kennysheep_minor_cross
D:2:      layout_rooms, serial_forest, infiniplex_forest_pool,
          infiniplex_forest_clump_curved, infiniplex_forest_end_2,
          infiniplex_forest_clump_small, infiniplex_forest_side_room,
          uniq_terence, uniq_sigmund, uniq_robin

Action                   || total
-------------------------++-------
Melee: Unarmed           ||    18
       Short sword       ||     6
 Cast: Magic Dart        ||    56
       Searing Ray       ||     1
Armor: Robe              ||    11
Dodge: Dodged            ||    24

Table legend: (Time is in decaauts)
 A = Elapsed time spent in this place.
 B = Non-inter-level travel time spent in this place.
 C = Inter-level travel time spent in this place.
 D = Time resting spent in this place.
 E = Time spent auto-exploring this place.
 F = Levels seen in this place.
 G = Mean time per level.
                   A        B        C        D        E       F      G
               +--------+--------+--------+--------+--------+-----+--------+
         Total |   1289 |   1284 |      5 |     53 |   1067 |   2 |  644.5 |
       Dungeon |   1289 |   1284 |      5 |     53 |   1067 |   2 |  644.5 |
               +--------+--------+--------+--------+--------+-----+--------+

Top non-repeatable levels by time:
     D:1: 1286 daAuts
     D:2: 3 daAuts
